 Dungeon Crawl Stone Soup version 0.30-a0-553-g7fabdf1491 (webtiles) character file.

Game seed: 13906118667344819836

5611 WhatsHerName the Summoner (level 10, 0/102 HPs)
             Began as an Octopode Summoner on Dec 26, 2022.
             Was an Initiate of Gozag.
             Succumbed to a hornet's poison
             ... on level 8 of the Dungeon.
             The game lasted 00:20:34 (10017 turns).

WhatsHerName the Summoner (Octopode Summoner)      Turns: 10017, Time: 00:20:35

Health: 0/102      AC: 25    Str:  9    XL:     10   Next: 73%
Magic:  5/18       EV:  2    Int: 21    God:    Gozag
Gold:   657        SH:  3    Dex: 12    Spells: 9/20 levels left

rFire   . . .      SeeInvis .    (no weapon)
rCold   . . .      Faith    .    j - +0 buckler
rNeg    . . .      Spirit   .    (helmet currently unavailable)
rPois   +          Reflect  .    g - amulet of regeneration
rElec   .          Harm     .    (no ring)
rCorr   .          Rampage  .    (no ring)
Will    .....      NoTele   +    (no ring)
Stlth   ++                       (no ring)
HPRegen 1.17/turn                (no ring)
MPRegen 0.16/turn                (no ring)
                                 (no ring)
                                 (no ring)

@: lethally poisoned (0 -> -4), tree-form, slowed, invisible, very slow
A: stationary, stasis, torment immunity, boosted hp, almost no armour,
(amphibious), 8 rings, (camouflage 1), (gelatinous body 1), (nimble swimmer 1),
(tentacles)
a: Renounce Religion, Potion Petition, Call Merchant, Bribe Branch


You were on level 8 of the Dungeon.
You worshipped Gozag.
Gozag was pleased with you.
You were a tree.
You visited 2 branches of the dungeon, and saw 10 of its levels.

You collected 761 gold pieces.
You paid 104 gold pieces to Gozag.


Innate Abilities, Weirdness & Mutations

You are a tree.
Your roots penetrate the ground, keeping you stationary.
You cannot be teleported.
You are immune to unholy pain and torment.
Your maximum health is greatly increased.
You cannot wear most types of armour.
((You are amphibious.))
You can wear up to eight rings at the same time.
((Your skin changes colour to match your surroundings (Stealth+).))
((Your rubbery body absorbs attacks. (AC +1, EV +1)))
((You are camouflaged when in or above water. (Stealth+)))
((You have tentacles for arms and can constrict up to eight enemies at once.))


   Skills:
 + Level 6.0 Fighting
 + Level 6.4 Dodging
 - Level 2.6 Stealth
 + Level 5.8 Spellcasting
 - Level 5.0 Hexes
 + Level 9.6 Summonings
 + Level 5.5 Air Magic


You had 9 spell levels left.
You knew the following spells:

 Your Spells              Type           Power      Damage    Failure   Level
c - Call Canine Familiar  Summ           46%        N/A       1%          3
g - Summon Guardian Gole  Hex/Summ       36%        N/A       1%          3
l - Summon Lightning Spi  Summ/Air       38%        N/A       6%          4
s - Summon Small Mammal   Summ           100%       N/A       1%          1

Your spell library contained the following spells:

 Spells                   Type           Power      Damage    Failure   Level
 Call Imp                 Summ           46%        N/A       1%          2
 Shock                    Conj/Air       68%        1d7       4%          1
 Swiftness                Air            29%        N/A       4%          3
 Static Discharge         Conj/Air       34%        2-4/arc   6%          2
 Vhi's Electric Charge    Tloc/Air       34%        N/A       13%         3
 Magic Dart               Conj           24%        1d4       14%         1
 Airstrike                Air            14%        2d(3-19)  14%         4
 Kindle Blastsparks       Fire/Tloc/Air  26%        2d12      19%         3
 Mephitic Cloud           Conj/Pois/Air  13%        N/A       19%         3
 Blink                    Tloc           12%        N/A       21%         2
 Momentum Strike          Conj/Tloc      12%        3d8       21%         2
 Ignite Poison            Fire/Tmut/Pois 6%         N/A       38%         3
 Lesser Beckoning         Tloc           12%        N/A       38%         3
 Ozocubu's Armour         Ice            6%         N/A       38%         3
 Arcjolt                  Conj/Air       8%         1d18      75%         5
 Lightning Bolt           Conj/Air       8%         1d21      75%         5
 Freezing Cloud           Conj/Ice/Air   6%         6-21      87%         5
 Ozocubu's Refrigeration  Ice            3%         4d8       100%        7

Inventory:

Hand Weapons
 C - the +8 quarterstaff "Vuagaosh" {elec, Int+3}
   (You found it on level 8 of the Dungeon)

   It occasionally discharges a powerful burst of electricity upon striking a
   foe.
   Int:       It affects your intelligence (+3).
Missiles
 v - 3 throwing nets {=f!f}
Armour
 j - a +0 buckler (worn)
   (You found it on level 2 of the Dungeon)
Magical Staves
 y - a staff of conjuration {!a}
   (You found it on level 8 of the Dungeon)
Jewellery
 g - an amulet of regeneration (around neck)
   (You found it on level 6 of the Dungeon)
 A - an amulet of the acrobat
   (You found it on level 1 of the Dungeon)
Wands
 l - a wand of roots (2)
   (You found it on level 2 of the Dungeon)
 u - a wand of flame (8)
   (You found it on level 5 of the Dungeon)
Scrolls
 c - 2 scrolls of enchant armour {unknown}
 d - 3 scrolls of silence {unknown}
 e - 3 scrolls of amnesia {unknown}
 i - a scroll of brand weapon {unknown}
 k - a scroll of fog {unknown}
 n - 3 scrolls of magic mapping {unknown}
 o - 10 scrolls of identify {unknown}
 q - 2 scrolls of enchant weapon {unknown}
 r - a scroll of butterflies {unknown}
 s - 2 scrolls of teleportation {unknown}
 t - a scroll of noise {unknown}
 w - a scroll of immolation {unknown}
 x - a scroll of poison {unknown}
Potions
 a - a potion of magic
 b - a potion of might {unknown}
 f - a potion of cancellation {unknown}
 h - a potion of haste {unknown}
 m - a potion of invisibility
 p - a potion of lignification {!q}
 z - a potion of heal wounds {unknown}
 B - a potion of flight {unknown}

Dungeon Overview and Level Annotations

Branches:
Dungeon (9/15)             Temple (1/1) D:4
   Lair: D:8-11         Orc: D:9-12

Altars:
Ashenzari
Cheibriados
Dithmenos
Elyvilon
Fedhas
Gozag
Hepliaklqana
Kikubaaqudgha
Makhleb
Nemelex Xobeh
Okawaru
Qazlal
Ru
Sif Muna
Trog
Uskayaw
Vehumet
Wu Jian
Xom
Yredelemnul
Zin

Annotations:
D:4 3 runed translucent doors, munchyjoey's ghost, amateur OgTm

.........................).......
................########.########
..............#)#### #.# ####
..............#....#####.#####...
...............................##
.........#.....####..#.#########
..#.....##......# #....###
######.###....#.###......########
## #.#.......8♣>..#............
.#####.#........hy.####..........
....##<............# ####.......
#..................### #.......
#...##..#)...........### #.......
...###............##...# #.......
.........##...########.###..(....
...###..###.#### ##.....#.....#
.....####......# ##.............


You could see a hornet (wandering, unable to see you, rooted, ally target), a
friendly wolf (summoned) and a friendly lightning spire (summoned).


Message History

Your life force feels restored.
You swap places.
Your wolf disappears in a puff of smoke!
You now have 642 gold pieces (gained 5).
You now have 647 gold pieces (gained 5).
Items here: )) [[.
y - a staff of conjuration {!a} You pick up a book of Spatial Translocations and begin reading...
You add the spells Blink, Momentum Strike and Lesser Beckoning to your library.
Items here: )) [[.
o - 10 scrolls labelled VEP GEQULOMMU (gained 1)
e - 3 scrolls labelled JAUXUGH CEIXZI (gained 1)
C - the +8 quarterstaff "Vuagaosh" {elec, Int+3} You now have 657 gold pieces (gained 10).
Done exploring.
Done exploring.
Done exploring.
Okay, then.
There is a stone staircase leading down here.
You climb downwards.
The hell rat roars deafeningly! x2; You hear a bellow!
You hear a shout!
You hear a howl!
You hear a bellow!
There is a stone staircase leading up here.
Casting: Call Canine Familiar (safe; 1% risk of failure)
Confirm with . or Enter, or press ? or * to list all spells.
You miscast Summon Lightning Spire.
You are very lightly contaminated with residual magic.
Nothing appears to happen.
The hornet buzzes angrily.
A rat comes into view.
Casting: Summon Lightning Spire (dangerous; 6% risk of failure)
Confirm with . or Enter, or press ? or * to list all spells.
An electric hum fills the air.
The hornet misses you.
A river rat comes into view.
A death yak comes into view.
The hornet stings you.
You feel yourself slow down.
You climb upwards.
There is a stone staircase leading down here.
Unknown command.
Unknown command.
Casting: Summon Lightning Spire (dangerous; 6% risk of failure)
Confirm with . or Enter, or press ? or * to list all spells.
An electric hum fills the air.
The hornet completely misses you. The hornet stings you!
You feel as though you will be slow longer.
Unknown command.
Casting: Summon Lightning Spire (dangerous; 6% risk of failure)
Confirm with . or Enter, or press ? or * to list all spells.
The hornet barely misses you. The hornet stings you!
You suddenly lose the ability to move!
The hornet stings you!
* * * LOW HITPOINT WARNING * * *
You shrug off the repeated paralysis!
Your wolf misses the hornet. The hornet stings you!
* * * LOW HITPOINT WARNING * * *
You feel as though you will be slow longer.
Your wolf closely misses the hornet.
The hornet stings you.
* * * LOW HITPOINT WARNING * * *
You feel as though you will be slow longer.
Your wolf misses the hornet.
You can move again.
Unknown command.
Unknown command.
Unknown command.
The hornet stings you.
* * * LOW HITPOINT WARNING * * *
You are poisoned.
You shrug off the repeated paralysis!
Your wolf closely misses the hornet.
The hornet misses you.
Your wolf misses the hornet. The hornet stings you.
* * * LOW HITPOINT WARNING * * *
You are lethally poisoned!
You feel as though you will be slow longer.
Your wolf bites the hornet.
Your magical contamination has completely faded away.
It was a potion of lignification.
You turn into a tree.
Your roots penetrate the ground.
* * * LOW HITPOINT WARNING * * *
You feel extremely sick.
Your wolf bites the hornet.
The hornet stings you but does no damage.
Your wolf bites the hornet.
The hornet stings you!
* * * LOW HITPOINT WARNING * * *
Unknown command.
It was a potion of invisibility.
You fade into invisibility!
* * * LOW HITPOINT WARNING * * *
You feel very sick.
Your wolf bites the hornet!
You block the hornet's attack.
Your wolf misses the hornet.
The hornet stings you but does no damage.
Your wolf barely misses the hornet.
Unknown command.
Aiming: Fastroot
Press: ? - help, Q - select action, (/) - cycle Shift-Dir - straight line The roots erupt in riotous growth!
Roots grab the hornet.
The grasping roots constrict the hornet.
You die...
Your body crumbles into a pile of gold.

Skill      XL: |  1  2  3  4  5  6  7  8  9 10 |
---------------+-------------------------------+-----
Summonings     | 5 7 8 9 |  9.6
Fighting       | 1 2 3 5 6 |  6.0
Hexes          | 1 2 3 5 |  5.0
Dodging        | 3 4 5 6 |  6.4
Spellcasting   | 3 4 5 |  5.8
Air Magic      | 2 4 5 |  5.5
Stealth        | |  2.6

Action                   |  1- 3 |  4- 6 |  7- 9 | 10-12 || total
-------------------------+-------+-------+-------+-------++-------
Melee: Unarmed           |    61 |    29 |    72 |    13 ||   175
       Constrict         |    19 |     9 |    19 |     2 ||    49
       Tentacles         |    13 |     7 |    22 |     6 ||    48
       Punch             |     1 |     1 |     2 |       ||     4
 Cast: Summon Small Mamm |    63 |    32 |    42 |       ||   137
       Call Canine Famil |       |    19 |    52 |     9 ||    80
       Summon Guardian G |       |     1 |     3 |       ||     4
       Summon Lightning  |       |       |    13 |     8 ||    21
Invok: Purification      |       |       |     2 |       ||     2
Evoke: Wand              |       |       |     7 |     1 ||     8
  Use: Potion            |       |       |     4 |     2 ||     6
 Stab: Sleeping          |     3 |       |     1 |       ||     4
       Distracted        |       |       |     2 |     1 ||     3
Armor: Skin              |     9 |     5 |     2 |     2 ||    18
Dodge: Dodged            |    64 |    28 |    90 |    16 ||   198
Block: Buckler           |       |     6 |    11 |     6 ||    23

Levels and vault maps discovered:
D:1:      dpeg_arrival_signposts, layout_basic, minivault_19, minmay_tripent
D:2:      layout_loops_ring, hellmonk_ecumenical_altar_inner_sanctum,
          basic_altar, uniq_sigmund, uniq_robin
D:3:      layout_basic, minmay_overflow_temple_star_hex,
          minmay_large_rounded_square, item_on_display_a, uniq_terence
D:4:      layout_rooms, minmay_temple_entry_mini_moons,
          gammafunk_ghost_nasty_kobolds, minmay_ruptured
D:5:      layout_cave_pools, nicolae_hepliaklqana_hazy_memory, uniq_eustachio,
          uniq_ijyb
D:6:      layout_cave_pools, jmf_multi_god_temple2
D:7:      layout_rooms, nicolae_overflow_crystal_walls, uniq_maggie,
          uniq_duvessa, uniq_prince_ribbit1
D:8:      layout_rooms, minmay_pinched_square
D:9:      layout_loops_ring, dpeg_lair_monsters, kb_lookout_dungeons_type
Temple:   nicolae_temple_bog_church

Notes
Turn   | Place    | Note
-------+----------+-------------------------------------------
     0 | D:1      | WhatsHerName the Octopode Summoner began the quest for the
                  | Orb.
     0 | D:1      | Reached XP level 1. HP: 11/11 MP: 3/3
   353 | D:1      | Reached XP level 2. HP: 17/17 MP: 3/5
   467 | D:1      | You fall into a shaft and drop 1 floor!
   788 | D:1      | Reached XP level 3. HP: 19/21 MP: 3/6
   914 | D:1      | Reached skill level 5 in Summonings
  1013 | D:1      | You pick up a book of Minor Magic and begin reading...
  1013 | D:1      | You add the spells Magic Dart and Mephitic Cloud to your
                  | library.
  1114 | D:1      | HP: 3/21 [jackal (3)]
  1830 | D:2      | Found a snail-covered altar of Cheibriados.
  2052 | D:2      | Reached XP level 4. HP: 26/27 MP: 4/7
  2086 | D:2      | Found a faded altar of an unknown god.
  2271 | D:2      | Noticed Robin
  2331 | D:2      | Killed Robin
  2566 | D:2      | Noticed Sigmund
  2579 | D:1      | Learned a level 3 spell: Call Canine Familiar
  2792 | D:2      | Killed Sigmund
  2793 | D:2      | Reached skill level 7 in Summonings
  2793 | D:2      | Reached XP level 5. HP: 24/31 MP: 1/8
  2793 | D:2      | Reached XP level 6. HP: 28/36 MP: 1/9
  2961 | D:2      | Learned a level 3 spell: Summon Guardian Golem
  3517 | D:3      | Noticed Terence
  3559 | D:3      | Killed Terence
  3603 | D:3      | You pick up a book of Lightning and begin reading...
  3603 | D:3      | You add the spells Static Discharge, Vhi's Electric Charge,
                  | Lightning Bolt and Arcjolt to your library.
  3927 | D:3      | Found a sacrificial altar of Ru.
  3927 | D:3      | Found a glowing silver altar of Zin.
  3927 | D:3      | Found a shadowy altar of Dithmenos.
  3937 | D:3      | Found an ornate altar of the Wu Jian Council.
  3944 | D:3      | Found an iron altar of Okawaru.
  4044 | D:4      | Noticed a water moccasin
  4140 | D:4      | You add the spells Kindle Blastsparks, Ignite Poison and
                  | Freezing Cloud to your library.
  4142 | D:4      | You pick up a book of Air and begin reading...
  4142 | D:4      | You add the spells Shock, Swiftness and Airstrike to your
                  | library.
  4213 | D:4      | You add the spells Ozocubu's Armour and Ozocubu's
                  | Refrigeration to your library.
  4308 | D:4      | Reached skill level 1 in Fighting
  4308 | D:4      | Reached skill level 1 in Hexes
  4414 | D:4      | Found a staircase to the Ecumenical Temple.
  4422 | Temple   | Entered the Ecumenical Temple
  4543 | Temple   | Became a worshipper of Elyvilon the Healer
  4616 | D:4      | Reached XP level 7. HP: 43/43 MP: 4/10
  4952 | D:4      | Found a runed translucent gate.
  4953 | D:4      | Found a runed translucent gate.
  4954 | D:4      | Found a runed translucent gate.
  4959 | D:4      | Noticed munchyjoey's ghost (amateur OgTm)
  5253 | D:5      | Entered Level 5 of the Dungeon
  5340 | D:5      | Found a hazy altar of Hepliaklqana.
  5374 | D:5      | Reached skill level 2 in Fighting
  5459 | D:5      | Noticed Eustachio
  5543 | D:5      | Reached skill level 2 in Hexes
  5545 | D:5      | Reached skill level 3 in Dodging
  5565 | D:5      | Killed Eustachio
  5566 | D:5      | Reached skill level 3 in Spellcasting
  5566 | D:5      | Reached XP level 8. HP: 33/51 MP: 12/12
  5633 | D:5      | Learned a level 4 spell: Summon Lightning Spire
  5645 | D:5      | Reached * piety under Elyvilon
  5742 | D:5      | Reached skill level 1 in Air Magic
  5816 | D:5      | Noticed Ijyb
  5821 | D:5      | HP: 12/51 [ufetubus (3)]
  5836 | D:5      | HP: 7/51 [ufetubus (5)]
  5836 | D:5      | HP: 3/51 [ufetubus (4)]
  5841 | D:4      | HP: 10/51 [ufetubus (2)]
  6006 | D:5      | HP: 12/51 [orc wizard/magic dart (7)]
  6008 | D:5      | Killed Ijyb
  6010 | D:5      | Reached skill level 3 in Fighting
  6178 | D:4      | Reached skill level 8 in Summonings
  6403 | D:5      | Reached skill level 3 in Hexes
  6957 | D:5      | Reached skill level 4 in Dodging
  6957 | D:5      | Reached skill level 2 in Air Magic
  7217 | D:6      | Reached skill level 4 in Spellcasting
  7217 | D:6      | Reached XP level 9. HP: 33/58 MP: 5/15
  7341 | D:6      | Found a large runed translucent door.
  7342 | D:6      | Found a large runed translucent door.
  7874 | D:6      | Reached skill level 4 in Fighting
  7888 | D:6      | Reached skill level 4 in Hexes
  7907 | D:6      | Found an opulent altar of Gozag.
  7910 | D:6      | Found a stormy altar of Qazlal.
  7917 | D:6      | Fell from the grace of Elyvilon
  7917 | D:6      | Became a worshipper of Gozag Ym Sagoz the Greedy
  8034 | D:7      | Reached skill level 3 in Air Magic
  8185 | D:7      | Noticed a troll
  8192 | D:7      | Killed a troll
  8267 | D:7      | Noticed Prince Ribbit
  8278 | D:7      | HP: 14/58 [Prince Ribbit (6)]
  8281 | D:7      | Killed Prince Ribbit
  8420 | D:7      | Noticed Duvessa
  8420 | D:7      | Noticed Dowan
  8469 | D:7      | Killed Duvessa
  8470 | D:7      | Reached skill level 5 in Dodging
  8660 | D:7      | Killed Dowan
  8743 | D:7      | Found an ancient bone altar of Kikubaaqudgha.
  8893 | D:7      | Noticed Maggie
  8911 | D:7      | Killed Maggie
  9109 | D:8      | Noticed a two-headed ogre
  9130 | D:8      | Killed a two-headed ogre
  9131 | D:8      | Reached skill level 5 in Fighting
  9131 | D:8      | Reached skill level 5 in Spellcasting
  9131 | D:8      | Reached skill level 5 in Hexes
  9131 | D:8      | Reached skill level 9 in Summonings
  9131 | D:8      | Reached skill level 4 in Air Magic
  9131 | D:8      | Reached XP level 10. HP: 66/66 MP: 1/17
  9562 | D:8      | Reached skill level 5 in Air Magic
  9566 | D:8      | Reached skill level 6 in Dodging
  9747 | D:8      | a +0 spear; +0 shadow dragon scales {rare}
  9772 | D:8      | a komodo dragon changed into a guardian serpent
  9772 | D:8      | Noticed a guardian serpent (shapeshifter)
  9775 | D:8      | Killed a guardian serpent
  9861 | D:8      | Reached skill level 6 in Fighting
  9927 | D:8      | You pick up a book of Spatial Translocations and begin
                  | reading...
  9927 | D:8      | You add the spells Blink, Momentum Strike and Lesser
                  | Beckoning to your library.
  9983 | D:8      | Identified the +8 quarterstaff "Vuagaosh" {elec, Int+3}
 10007 | D:9      | Noticed a death yak
 10008 | D:9      | Noticed a death yak
 10011 | D:8      | Paralysed by a hornet for 3 turns
 10014 | D:8      | HP: 17/68 [hornet (2)]
 10015 | D:8      | HP: 6/102 [hornet (8)]
 10016 | D:8      | HP: 2/102 [poisoned by a hornet]
 10017 | D:8      | Succumbed to a hornet's poison

Vanquished Creatures
  A slime creature (D:8)
  Prince Ribbit (D:7)
  A vampire mosquito (D:8)
  An ice beast (D:6)
  A hound (D:7)
  3 orc priests
  An orc wizard (D:6)
  An adder (D:6)
  2 orcs
  A ball python (D:2)
  4 endoplasms
  2 giant cockroaches
  3 goblins
  6 hobgoblins
  A jackal (D:1)
  2 quokkas
  3 bats
  2 frilled lizards (D:1)
  A kobold (D:4)
  5 rats
42 creatures vanquished.

Vanquished Creatures (collateral kills)
  A two-headed ogre (D:8)
  A guardian serpent (shapeshifter) (D:8)
  Maggie (D:7)
  A troll (D:7)
  Sigmund (D:2)
  A yak (D:8)
  Eustachio (D:5)
  3 wyverns (D:8)
  4 water moccasins
  Duvessa (D:7)
  An orc warrior (D:8)
  2 black bears
  A phantom (D:5)
  6 bullfrogs
  2 necrophages
  2 scorpions (D:6)
  2 wights (D:8)
  Dowan (D:7)
  A howler monkey (D:8)
  5 hounds
  4 orc priests
  A gnoll bouda (D:8)
  2 iguanas
  8 orc wizards
  Robin (D:2)
  3 gnolls (D:5)
  4 adders
  A shadow imp (D:7)
  A white imp (D:6)
  5 ufetubi
  17 orcs
  4 endoplasms
  11 goblins
  5 hobgoblins
  4 jackals
  A quokka (D:1)
  9 ball pythons
  A bat (D:1)
  A frilled lizard (D:3)
  6 kobolds
  3 rats
130 creatures vanquished.

Vanquished Creatures (others)
  A water moccasin (D:4)
  Ijyb (D:5)
  Terence (D:3)
  3 fungi (D:4)
  A plant (D:4)
7 creatures vanquished.

Grand Total: 179 creatures vanquished

Table legend:
 A = Non-vault XP
 B = Vault XP
 C = Vault XP percentage of total XP
 D = Non-vault monster count
 E = Vault monster count
 F = Vault count percentage of total count
                 A         B        C        D         E       F
            +---------+---------+-------+---------+---------+-------
      Total |    4225 |    3792 |  47.3 |     135 |      40 |  22.9
            +---------+---------+-------+---------+---------+-------
        D:1 |      39 |       4 |   9.3 |      25 |       2 |   7.4
        D:2 |      55 |     262 |  82.6 |      20 |      10 |  33.3
        D:3 |      14 |      36 |  72.0 |       9 |       1 |  10.0
        D:4 |     438 |       7 |   1.6 |      22 |       4 |  15.4
        D:5 |     858 |     234 |  21.4 |      23 |       2 |   8.0
        D:6 |     621 |     128 |  17.1 |      14 |       2 |  12.5
        D:7 |     699 |     875 |  55.6 |      16 |       4 |  20.0
        D:8 |    1501 |    2246 |  59.9 |       6 |      15 |  71.4
            +---------+---------+-------+---------+---------+-------

Illustrated notes

Table legend:
 A = Kills in this place as a percentage of kills in entire the game.
 B = Kills by you in this place as a percentage of kills by you in the entire game.
 C = Kills by friends in this place as a percentage of kills by friends in the entire game.
 D = Other kills in this place as a percentage of other kills in the entire game.
 E = Experience gained in this place as a percentage of experience gained in the entire game.
 F = Experience gained in this place divided by the number of levels of this place that you have seen.
                   A       B       C       D       E      F
               +-------+-------+-------+-------+-------+----------------------
         Total | 100.0 | 100.0 | 100.0 | 100.0 | 100.0 | 801.7
       Dungeon | 100.0 | 100.0 | 100.0 | 100.0 | 100.0 | 890.8
               +-------+-------+-------+-------+-------+----------------------

Table legend: (Time is in decaauts)
 A = Elapsed time spent in this place.
 B = Non-inter-level travel time spent in this place.
 C = Inter-level travel time spent in this place.
 D = Time resting spent in this place.
 E = Time spent auto-exploring this place.
 F = Levels seen in this place.
 G = Mean time per level.
                   A        B        C        D        E       F      G
               +--------+--------+--------+--------+--------+-----+--------+
         Total |  10027 |   9523 |    504 |   1563 |   6166 |  10 | 1002.7 |
       Dungeon |   9893 |   9414 |    479 |   1563 |   6067 |   9 | 1099.2 |
        Temple |    133 |    108 |     25 |      0 |     99 |   1 |  133.0 |
               +--------+--------+--------+--------+--------+-----+--------+

Top non-repeatable levels by time:
     D:1: 1558 daAuts
     D:4: 1510 daAuts
     D:2: 1453 daAuts
     D:5: 1246 daAuts
     D:7: 1159 daAuts
     D:3: 1081 daAuts
     D:6: 969 daAuts
     D:8: 910 daAuts
  Temple: 133 daAuts
     D:9: 3 daAuts
